 Dungeon Crawl Stone Soup version 0.18-a0-1405-g73f4075 (webtiles) character file.

2310 Tomstefer the Carver (level 9, -10/82 HPs)
             Began as a Minotaur Fighter on Feb 24, 2016.
             Was a Priest of Okawaru.
             Killed from afar by an electric eel (16 damage)
             ... with a bolt of electricity
             ... on level 6 of the Dungeon.
             The game lasted 00:13:22 (6141 turns).

Tomstefer the Carver (Minotaur Fighter)             Turns: 6141, Time: 00:13:22

Health: -10/82     AC:  9    Str: 22    XL:     9   Next: 18%
Magic:  8/8        EV:  7    Int:  5    God:    Okawaru [***...]
Gold:   147        SH:  9    Dex: 12    Spells: 0 memorised, 8 levels left

rFire  . . .     SeeInvis .     a - +0 long sword
rCold  + . .     Gourm    .     b - +0 scale mail
rNeg   . . .     Faith    .     c - +0 shield
rPois  .         Spirit   .     (helmet restricted)
rElec  .         Dismiss  .     l - +0 cloak
rCorr  .         Reflect  .     (no gloves)
SustAt .         Harm     +     e - +0 pair of boots
MR     .....                    v - amulet of harm
Stlth  ..........               (no ring)
                                A - ring of protection from cold

@: very slightly contaminated, hasted, very quick, not resistant to hostile
enchantments, extremely unstealthy
A: retaliatory headbutt, horns 2
a: Heroism, Renounce Religion


You were on level 6 of the Dungeon.
You worshipped Okawaru.
Okawaru was most pleased with you.
You were not hungry.

You visited 2 branches of the dungeon, and saw 7 of its levels.

You collected 348 gold pieces.
You spent 201 gold pieces at shops.

Inventory:

Hand Weapons
 a - a +0 long sword (weapon)
Armour
 b - a +0 scale mail (worn)
 c - a +0 shield (worn)
 e - a +0 pair of boots (worn)
 l - a +0 cloak (worn)
Jewellery
 v - an amulet of harm (around neck)
 A - a ring of protection from cold (left hand)
Scrolls
 d - a scroll of identify
 j - 2 scrolls of recharging
 k - 2 scrolls of fog
 n - 5 scrolls of remove curse
 r - a scroll of enchant weapon {unknown}
 u - a scroll of fear {unknown}
 w - a scroll of teleportation {unknown}
 y - a scroll of vulnerability {unknown}
 z - a scroll of blinking {unknown}
Potions
 i - 3 potions of cancellation {unknown}
 m - 4 potions of curing
 p - a potion of cure mutation {unknown}
 q - a potion of heal wounds {unknown}
 s - 3 potions of agility
 x - a potion of degeneration {unknown}
Comestibles
 f - 7 bread rations
 h - 5 beef jerkies
 t - a slice of pizza


   Skills:
 + Level 8.4 Fighting
 * Level 12.0 Long Blades
 - Level 5.1 Armour
 - Level 3.6 Shields


You had 8 spell levels left.
You didn't know any spells.

Dungeon Overview and Level Annotations

Branches:
Dungeon (6/15)             Temple (1/1) D:4

Altars:
Ashenzari
Dithmenos
Elyvilon
Okawaru
Pakellas
Qazlal
Sif Muna
Trog
Vehumet
Xom
Yredelemnul
Zin
The Shining One

Shops:
D:4 =   D:5 *


Innate Abilities, Weirdness & Mutations

You reflexively headbutt those who attack you in melee.
You have a pair of horns on your head.


Message History

You are too injured to fight recklessly!
Drink which item? (? for menu, Esc to quit)
You feel better.
Drink which item? (? for menu, Esc to quit)
You feel yourself speed up.
The electric eel shoots out a bolt of lightning at you!
The bolt of electricity hits you!
* * * LOW HITPOINT WARNING * * *
The bolt of electricity hits you!
* * * LOW HITPOINT WARNING * * *
You are very lightly contaminated with residual magic.
Your unstable footing causes you to fumble your attack.
Your unstable footing causes you to fumble your attack.
You hit the electric eel. Your headbutt misses the electric eel.
The electric eel is lightly wounded.
The electric eel shoots out a bolt of lightning at you!
The bolt of electricity hits you!
* * * LOW HITPOINT WARNING * * *
The bolt of electricity hits you!
You die...

#.....########## #.##.#
###.....##.......###.##.#
........''.......'..>##.#
##.....##.......######.#
#.....##.......# #.#
#.....##.......# #.#
##....########### #.#
#...###..####≈;#####.#
#..#.#.##)##.@≈.#8...#
#....##.##.#.≈≈.#..#.#
#....##.###..≈≈.##.#.#
#..#.##.#.##.≈≈.##.#.#
#...##.##.##.≈≈.##.#.# .
#....#.###.#.≈≈.#8.#.# ..
#...##.###.#.≈≈.#[.#.####
>.##..#.##.#.##.≈≈.##.#.#..#
........###.###.≈≈.##.#.#..####


You could see an electric eel.

Vanquished Creatures
  Pikel (D:6)
  The ghost of glau the Charmwright, a novice MfSk of Fedhas (D:5)
  Menkaure (D:6)
  The ghost of sergedm the Conjurer, an amateur DECj (D:3)
  4 slaves (D:6)
  A phantom (D:4)
  A sky beast (D:5)
  4 ogres
  A giant frog (D:6)
  2 scorpions
  A giant frog zombie (D:5)
  3 crimson imps
  A wasp zombie (D:6)
  A hound (D:5)
  A giant frog skeleton (D:5)
  Terence (D:2)
  An iguana (D:5)
  4 worker ants
  A hound zombie (D:5)
  3 gnolls (D:6)
  11 adders
  A shadow imp (D:5)
  An ooze (D:3)
  6 worms
  5 giant geckos (D:2)
  4 orcs
  6 ball pythons
  6 giant cockroaches
  7 goblins
  7 hobgoblins
  11 jackals
  3 quokkas
  6 bats
  A giant gecko skeleton (D:4)
  4 giant newts
  A jackal skeleton (D:4)
  6 kobolds
  8 rats
128 creatures vanquished.

Vanquished Creatures (others)
  A worker ant (D:4)
1 creature vanquished.

Grand Total: 129 creatures vanquished

Notes
Turn   | Place    | Note
--------------------------------------------------------------
     0 | D:1      | Tomstefer the Minotaur Fighter began the quest for the Orb.
     0 | D:1      | Reached XP level 1. HP: 19/19 MP: 0/0
    72 | D:1      | Reached skill level 3 in Long Blades
   114 | D:1      | Reached XP level 2. HP: 21/26 MP: 1/1
   644 | D:2      | Reached skill level 4 in Long Blades
   695 | D:2      | Reached XP level 3. HP: 31/31 MP: 2/2
   741 | D:2      | Reached skill level 5 in Long Blades
  1035 | D:2      | Reached XP level 4. HP: 37/39 MP: 3/3
  1213 | D:2      | Noticed Terence
  1222 | D:2      | Killed Terence
  1362 | D:2      | Found a shadowy altar of Dithmenos.
  1363 | D:2      | Found a deep blue altar of Sif Muna.
  1363 | D:2      | Found an oddly glowing altar of Pakellas.
  1364 | D:2      | Found a radiant altar of Vehumet.
  1364 | D:2      | Found a shattered altar of Ashenzari.
  1364 | D:2      | Found a bloodstained altar of Trog.
  1372 | D:2      | Found a shimmering altar of Xom.
  1422 | D:2      | Reached skill level 6 in Long Blades
  1819 | D:3      | Reached XP level 5. HP: 35/45 MP: 4/4
  1820 | D:3      | Noticed sergedm's ghost (amateur DECj)
  1842 | D:3      | Killed sergedm's ghost
  1842 | D:3      | Reached skill level 7 in Long Blades
  2306 | D:3      | Reached XP level 6. HP: 50/52 MP: 5/5
  2586 | D:4      | Found Lyhippog's Jewellery Shop.
  2656 | D:4      | Found a runed door.
  2656 | D:4      | Noticed a human
  2659 | D:4      | Found a basalt altar of Yredelemnul.
  2910 | D:4      | Reached skill level 5 in Fighting
  2910 | D:4      | Reached skill level 5 in Armour
  3115 | D:4      | Reached XP level 7. HP: 61/61 MP: 6/6
  3256 | D:4      | Found a staircase to the Ecumenical Temple.
  3386 | Temple   | Entered the Ecumenical Temple
  3421 | Temple   | Became a worshipper of Warmaster Okawaru
  3565 | D:5      | Entered Level 5 of the Dungeon
  3618 | D:5      | Reached skill level 8 in Long Blades
  4156 | D:5      | Noticed glau's ghost (novice MfSk)
  4180 | D:5      | Killed glau's ghost
  4180 | D:5      | Reached * piety under Okawaru
  4180 | D:5      | Reached skill level 9 in Long Blades
  4180 | D:5      | Reached XP level 8. HP: 37/71 MP: 7/7
  4713 | D:5      | Reached skill level 10 in Long Blades
  4783 | D:5      | Reached ** piety under Okawaru
  5222 | D:5      | Found Guurgh's Assorted Antiques.
  5227 | D:5      | Bought a glowing purple potion for 18 gold pieces
  5227 | D:5      | Bought a brown potion for 18 gold pieces
  5227 | D:5      | Bought a scroll labeled BAUNKU ACICOLL for 21 gold pieces
  5227 | D:5      | Bought a scroll labeled FIRODE LOTUF for 21 gold pieces
  5227 | D:5      | Bought a bubbling amethyst potion for 18 gold pieces
  5227 | D:5      | Bought a tourmaline ring for 105 gold pieces
  5334 | D:6      | Noticed Menkaure
  5927 | D:6      | Noticed Pikel
  5933 | D:6      | Killed Pikel
  5933 | D:6      | Reached skill level 11 in Long Blades
  5933 | D:6      | Reached XP level 9. HP: 63/81 MP: 8/8
  5991 | D:6      | Reached *** piety under Okawaru
  6005 | D:6      | Killed Menkaure
  6005 | D:6      | Reached skill level 12 in Long Blades
  6141 | D:6      | Killed from afar by an electric eel

Vault maps used:
D:1:      dpeg_arrival_long_road
D:2:      grunt_temple_overflow_open, first_bread, uniq_terence
D:3:      lemuel_another_geyser
D:4:      minmay_temple_entry_enclosed_plants, serial_shops, shop,
          minmay_misc_feat_tower, dk_yredelemnul_ordeal
D:5:      serial_shops, kennysheep_little_box
D:6:      wad_river_or_something, grunt_temple_overflow_growth_and_decay,
          fountainhead, uniq_pikel, uniq_menkaure
Temple:   circular_temple_pool_8

Skill      XL: |  1  2  3  4  5  6  7  8  9 |
---------------+----------------------------+-----
Long Blades    | 3 4 5 6 7 9 11 12 | 12.0
Fighting       | 5 6 8 |  8.4
Armour         | 5 |  5.1
Shields        | |  3.6

Action                   |  1- 3 |  4- 6 |  7- 9 || total
-------------------------+-------+-------+-------++-------
Melee: Long sword        |    74 |   139 |   203 ||   416
  Use: Scroll            |     1 |       |     5 ||     6
       Potion            |       |     1 |     2 ||     3
  Eat: Chunk             |       |     7 |     6 ||    13
       Meat ration       |       |       |     1 ||     1
